Map: [ESL] Waterfall

Players

Scarlett

  • Race: Zerg Zerg
  • Spawn Location: 7:00

Astrea - Winner!

  • Race: Protoss Protoss
  • Spawn Location: 1:00

Event: DreamHack SC2 Masters 2022 Atlanta (Online)

VOD

Have the link to the VOD?

Description

Time

  • Played on: Oct. 16, 2022, 3:54 p.m.
  • Length: 7:50

All games in this series

Show
View Real Time Build Order
Export as new Build Order

Scarlett Zerg 

Build Orders: Hatch First 

Get SALT Encoding   

  12  0:00  Drone  
  13  0:12  Overlord  
  13  0:17  Drone  
  14  0:30  Drone  
  15  0:44  Hatchery  
  15  0:48  Drone  
  15  0:51  Drone  
  15  0:55  Drone  
  17  1:00  Drone  
  18  1:08  Extractor  
  17  1:17  Spawning Pool  
  17  1:18  Drone  
  17  1:21  Drone  
  18  1:31  Drone  
  19  1:42  Drone  
  20  1:52  Drone  
  21  1:56  Drone  
  22  2:04  Queen x2, Overlord  
  22  2:06  Zergling x2  
  27  2:14  Metabolic Boost  
  27  2:15  Drone  
  28  2:23  Drone  
  28  2:26  Drone  
  30  2:30  Drone  
  31  2:39  Drone  
  31  2:41  Drone  
  31  2:44  Hatchery  
  32  2:46  Zergling x2  
  33  2:51  Queen  
  33  2:56  Overlord  
  35  2:58  Drone  
  36  3:07  Overlord  
  36  3:15  Queen, Drone  
  36  3:16  Overlord  
  36  3:18  Drone  
  36  3:19  Drone  
  41  3:23  Drone  
  41  3:25  Drone x2  
  44  3:31  Queen  
  44  3:32  Drone  
  47  3:34  Drone  
  48  3:46  Roach Warren  
  48  3:47  Drone x4  
  51  3:50  Spore Crawler  
  51  3:52  Drone  
  51  3:57  Drone  
  51  4:00  Zergling x8  
  56  4:11  Overlord  
  56  4:12  Queen  
  56  4:14  Zergling x6  
  56  4:16  Spore Crawler  
  60  4:20  Spore Crawler  
  60  4:21  Drone  
  59  4:31  Drone x7  
  59  4:35  Overlord  
  59  4:38  Zergling x4  
  68  4:45  Lair, Drone x3  
  69  4:49  Extractor  
  69  4:50  Overlord  
  69  4:51  Extractor  
  69  4:52  Overlord  
  69  4:57  Overlord  
  69  4:59  Overlord  
  67  5:00  Roach  
  67  5:04  Roach x2  
  73  5:08  Roach x2  
  73  5:10  Roach  
  73  5:13  Roach x2  
  83  5:16  Roach  
  83  5:20  Roach x2  
  89  5:23  Roach  
  93  5:28  Zergling x2, Roach x2  
  93  5:29  Zergling x2  
  97  5:39  Roach x4  
  97  5:40  Overlord  
  105  5:48  Zergling x10  
  110  5:53  Overseer  
  110  5:59  Zergling x8, Roach x3  
  120  6:05  Glial Reconstitution  
  120  6:09  Overlord x3  
  120  6:15  Extractor  
  119  6:20  Zergling x6  
  119  6:25  Overlord x2  
  121  6:28  Ravager  
  121  6:29  Zergling x10, Ravager  
  128  6:39  Zergling x2, Roach  
  135  6:40  Zergling x8  
  129  6:49  Zergling x8  
  129  6:53  Roach x2  
  127  7:01  Roach x4  
  120  7:05  Roach  
  120  7:06  Roach  
  120  7:07  Roach  
  108  7:11  Roach x2  
  108  7:15  Ravager  
  100  7:17  Zergling x4, Roach  
  100  7:21  Roach  
  95  7:27  Roach x3  
Show
View Real Time Build Order
Export as new Build Order

Astrea Protoss - Winner!

Build Orders: 1 Gate Expand, Chargelot Immortal 

Get SALT Encoding   

  12  0:00  Probe  
  13  0:12  Probe  
  14  0:17  Pylon  
  14  0:24  Probe (Chrono Boost)  
  15  0:36  Probe (Chrono Boost)  
  15  0:38  Gateway  
  16  0:44  Probe (Chrono Boost)  
  16  0:48  Assimilator  
  17  0:51  Probe  
  18  1:03  Probe  
  19  1:15  Probe  
  20  1:26  Nexus  
  20  1:28  Probe  
  21  1:38  Cybernetics Core  
  21  1:43  Assimilator  
  21  1:46  Probe  
  22  1:52  Pylon  
  22  1:58  Probe  
  23  2:10  Probe (Chrono Boost)  
  23  2:11  Adept (Chrono Boost)  
  23  2:14  Warp Gate  
  26  2:20  Probe (Chrono Boost)  
  26  2:22  Robotics Facility  
  27  2:25  Probe (Chrono Boost)  
  28  2:33  Stalker (Chrono Boost)  
  30  2:38  Probe  
  30  2:39  Probe  
  32  2:50  Probe  
  33  2:51  Probe  
  34  3:02  Probe  
  34  3:03  Probe  
  36  3:06  Gateway  
  36  3:10  Observer  
  37  3:14  Probe  
  37  3:15  Probe  
  37  3:19  Adept  
  41  3:24  Pylon  
  41  3:26  Probe  
  42  3:27  Probe  
  42  3:29  Warp Prism (Chrono Boost), Pylon  
  45  3:38  Probe  
  46  3:43  Probe  
  47  3:52  Forge  
  47  3:53  Twilight Council  
  47  3:55  Immortal (Chrono Boost)  
  47  4:02  Adept  
  53  4:04  Adept  
  55  4:12  Probe x2  
  57  4:23  Pylon  
  57  4:26  Protoss Ground Weapons Level 1  
  61  4:35  Charge  
  61  4:36  Immortal (Chrono Boost)  
  61  4:39  Gateway  
  61  4:46  Probe  
  61  4:49  Gateway x2  
  62  4:54  Sentry  
  62  4:55  Zealot  
  62  4:58  Gateway  
  64  5:04  Immortal (Chrono Boost)  
  64  5:07  Gateway  
  68  5:12  Gateway  
  68  5:15  Gateway  
  68  5:19  Pylon  
  68  5:29  Sentry  
  68  5:30  Pylon  
  70  5:42  Zealot x2  
  74  5:45  Pylon  
  74  5:46  Pylon  
  74  5:53  Immortal (Chrono Boost)  
  78  5:57  Zealot x3  
  78  6:01  Zealot  
  86  6:08  Zealot x2, Pylon  
  86  6:09  Pylon  
  86  6:11  Zealot  
  92  6:20  Pylon  
  92  6:24  Pylon  
  92  6:26  Sentry x2  
  92  6:30  Zealot x4  
  104  6:34  Pylon  
  104  6:53  Zealot x6  
  108  6:56  Sentry x2  
  85  7:13  Zealot  
  85  7:14  Zealot x5  
  83  7:36  Zealot x7  
  87  7:38  Zealot  
Tags
 
Add a new tag
Caveats
  • Supply blocks, unpowered buildings, or Contaminate may cause inaccurate times.
  • Supply counts are checked every 10 seconds.